 Dungeon Crawl Stone Soup version 0.29.1-15-g9cfb28693d (webtiles) character file.

Game seed: 11926970554379002404

4 croobank the Sneak (level 1, 0/16 HPs)
             Began as an Octopode Delver on Mar 6, 2023.
             Slain by a water moccasin zombie (5 damage)
             ... in an ossuary.
             The game lasted 00:01:26 (231 turns).

croobank the Sneak (Octopode Delver)                 Turns: 231, Time: 00:01:26

Health: 0/16       AC:  1    Str: 11    XL:     1   Next: 70%
Magic:  1/1        EV: 13    Int: 12    God:
Gold:   19         SH:  0    Dex: 13    Spells: 0/0 levels left

rFire   . . .      SeeInvis .   a - +0 hand axe
rCold   . . .      Faith    .   (no shield)
rNeg    . . .      Spirit   .   (helmet restricted)
rPois   .          Reflect  .   (no amulet)
rElec   .          Harm     .   (no ring)
rCorr   .          Rampage  .   (no ring)
Will    .....                   (no ring)
Stlth   ++++......              (no ring)
HPRegen 0.05/turn               (no ring)
MPRegen 0.07/turn               (no ring)
                                (no ring)
                                (no ring)

@: no status effects
A: almost no armour, amphibious, 8 rings, camouflage 1, gelatinous body 1,
(nimble swimmer 1), tentacles
a: no special abilities


You were in an ossuary.
You visited 1 branch of the dungeon, and saw 4 of its levels.
You also visited: Ossuary.

You collected 19 gold pieces.

Inventory:

Hand Weapons
 a - a +0 hand axe (weapon)
 b - a +0 arbalest
Wands
 f - a wand of digging (3)
Scrolls
 c - a scroll of magic mapping
 d - a scroll of fear
 g - a scroll of fog
Potions
 e - a potion of haste


   Skills:
 + Level 3.0 Fighting
 - Level 2.0 Axes
 * Level 0.5 Ranged Weapons
 + Level 2.1 Dodging
 + Level 6.6 Stealth


You couldn't memorise any spells.
You didn't know any spells.
Your spell library was empty.

Dungeon Overview and Level Annotations

Branches:
Dungeon (8/15)            Ossuary (1/1)
 Temple: D:4-7         Lair: D:8-11

Altars:


Innate Abilities, Weirdness & Mutations

You cannot wear most types of armour.
You are amphibious.
You can wear up to eight rings at the same time.
Your skin changes colour to match your surroundings (Stealth+).
Your rubbery body absorbs attacks. (AC +1, EV +1)
((You are camouflaged when in or above water. (Stealth+)))
You have tentacles for arms and can constrict up to eight enemies at once.


Message History

There is an open door here.
Adjust to which letter? (? for menu, Esc to quit)
b - a +0 arbalest;
g - a scroll of fog You open the door.
A kobold zombie comes into view.
b - a +0 arbalest (weapon)
Fire: b) +0 arbalest
Press: ? - help, Q - select action Shift-Dir - straight line, f - kobold zombie
Aim: a kobold zombie (dormant, 98% to hit)
You shoot a bolt.
The bolt hits the kobold zombie but does no damage.
A water moccasin zombie comes into view.
Fire: b) +0 arbalest
Press: ? - help, Q - select action Shift-Dir - straight line, f - water moccasin zombie
Aim: a water moccasin zombie (50% to hit)
You shoot a bolt.
The bolt hits the water moccasin zombie.
The water moccasin zombie is lightly damaged.
a - a +0 hand axe (weapon)
The water moccasin zombie bites you!
You hit the water moccasin zombie.
Your grab misses the water moccasin zombie.
The water moccasin zombie is lightly damaged.
The water moccasin zombie barely misses you.
You closely miss the water moccasin zombie.
Your grab misses the water moccasin zombie.
The water moccasin zombie is lightly damaged.
The water moccasin zombie closely misses you.
The water moccasin zombie bites you.
You hit the water moccasin zombie. You grab the water moccasin zombie.
You squeeze the water moccasin zombie!
The water moccasin zombie is heavily damaged.
You constrict the water moccasin zombie.
The water moccasin zombie barely misses you.
You hit the water moccasin zombie.
You tentacle-slap the water moccasin zombie.
The water moccasin zombie is severely damaged.
You constrict the water moccasin zombie.
The water moccasin zombie misses you. The water moccasin zombie bites you.
You die...

+## ..# ..#
..# ..# ##Z##
#@..# ###
#####...#
#!!??#...#...#
+!()!#.∩.'...#
#!?!?#...#..∩#
#### #########


You could see a water moccasin zombie.

Vanquished Creatures
  An adder zombie (Ossuary)
  A hobgoblin zombie (Ossuary)
2 creatures vanquished.

Notes
Turn   | Place    | Note
-------+----------+-------------------------------------------
     0 | D:5      | croobank the Octopode Delver began the quest for the Orb.
     0 | D:5      | Reached XP level 1. HP: 16/16 MP: 1/1
    46 | D:8      | Found a sand-covered staircase.
    54 | Ossuary  | Entered an ossuary
   225 | Ossuary  | Noticed a water moccasin zombie
   231 | Ossuary  | Slain by a water moccasin zombie

Illustrated notes

Levels and vault maps discovered:
D:5:      layout_cave_pools, mainiacjoe_overflow_six_doors_small,
          nicolae_kikubaaqudgha_miasma_corner, nicolae_overflow_crystal_walls,
          serial_gnoll_camp, gnoll_camp_mini_basic, gnoll_camp_mini_hut,
          gnoll_camp_mini_house, gnoll_camp_huts_basic, grums_kennel,
          serial_bayou_crossing
D:6:      layout_loops_corners, amcnicky_altar_gilded,
          mainiacjoe_overflow_paths, minmay_temple_entry_fiery, uniq_eustachio
D:7:      layout_gridville
D:8:      layout_basic, nicolae_vehumet_altar_sigil, enter_bailey_8,
          enter_ossuary_1
Ossuary:  ossuary_tomb_2

Action                   || total
-------------------------++-------
Melee: Hand axe          ||    13
       Constrict         ||     3
       Punch             ||     1
       Tentacles         ||     1
 Fire: Arbalest          ||     3
Armor: Skin              ||     1
Dodge: Dodged            ||     8
